 Dungeon Crawl Stone Soup version 0.31-a0-810-ga77100ea1a (webtiles) character file.

Game seed: 15694076647144546342

81 wildpjah the Slasher (level 4, -2/28 HPs)
             Began as a Tengu Monk on Sept 21, 2023.
             Was a Priest of Lugonu.
             Slain by a gnoll
             ... wielding a +0 halberd
              (9 damage)
             ... on level 2 of the Dungeon.
             The game lasted 00:03:30 (1344 turns).

wildpjah the Slasher (Tengu Monk)                   Turns: 1344, Time: 00:03:30

Health: -2/28      AC:  5    Str: 11    XL:     4   Next: 40%
Magic:  5/5        EV: 12    Int: 10    God:    Lugonu [***...]
Gold:   82         SH:  0    Dex: 19    Spells: 3/3 levels left

rFire   . . .        o - +0 dagger (vamp)
rCold   . . .        d - orb {light}
rNeg    . . .        j - +0 ring mail
rPois   .            (helmet restricted)
rElec   .            (no cloak)
rCorr   .            (no gloves)
SInv    .            (boots unavailable)
Will    .....        (no amulet)
Stlth   +            (no ring)
HPRegen 0.24/turn    (no ring)
MPRegen 0.09/turn

%: acrobat
@: glowing
A: beak, talons 3, acrobatic
a: Renounce Religion, Depart the Abyss, Banish


You were on level 2 of the Dungeon.
You worshipped Lugonu.
Lugonu was most pleased with you.
You visited 1 branch of the dungeon, and saw 2 of its levels.

You collected 82 gold pieces.

Inventory:

Hand Weapons
 a - a +0 falchion
 k - a +1 dagger of holy wrath
 o - a +0 vampiric dagger (weapon)
Missiles
 q - a throwing net
Armour
 b - a +0 robe
 d - an orb of light (worn)
 j - a +0 ring mail (worn)
 p - a +0 chain mail
Scrolls
 e - 2 scrolls of teleportation {unknown}
 h - a scroll of fear {unknown}
 i - a scroll of fog {unknown}
 l - a scroll of butterflies {unknown}
 m - a scroll of identify {unknown}
Potions
 c - a potion of ambrosia
 f - 2 potions of curing {unknown}
 g - 2 potions of mutation {unknown}
 n - 2 potions of degeneration {unknown}


   Skills:
 + Level 3.5 Fighting
 + Level 0.2(2.8) Short Blades
 + Level 4.5(4.6) Long Blades
 + Level 0.5 Armour
 + Level 3.8 Dodging
 + Level 0.2 Stealth


You had 3 spell levels left.
You didn't know any spells.
Your spell library was empty.

Dungeon Overview and Level Annotations

Branches:
Dungeon (2/15)

Altars:
Lugonu


Innate Abilities, Weirdness & Mutations

You have a beak for a mouth.
You have claws for feet.
You can magically evade attacks while moving or waiting.


Message History

You are too injured to fight recklessly!
You are too injured to fight recklessly!
You are too injured to fight recklessly!
You are too injured to fight recklessly!
You are too injured to fight recklessly!
You are too injured to fight recklessly!
You are too injured to fight recklessly!
You are too injured to fight recklessly!
You are too injured to fight recklessly!
You are too injured to fight recklessly!
You are too injured to fight recklessly!
Unknown command.
The gnoll attacks as it pursues you! The gnoll completely misses you.
There are monsters nearby!
There are monsters nearby!
There are monsters nearby!
The gnoll attacks as it pursues you! The gnoll hits you with a +0 flail.
There is an escape hatch in the ceiling here.
The gnoll attacks as it pursues you! The gnoll closely misses you.
You don't know any spells.
Press: ? - help, Shift-Dir - straight line, f - gnoll
Aim: a gnoll, wielding a +0 halberd (haloed, chance to affect: 84%)
You fail to use your ability.
You hit the gnoll.
You feel better.
You claw the gnoll, but do no damage. You peck the gnoll, but do no damage.
The gnoll is lightly wounded.
The gnoll barely misses you. The gnoll closely misses you.
You hit the gnoll but do no damage. You claw the gnoll.
You peck the gnoll, but do no damage.
The gnoll is moderately wounded.
The gnoll hits you with a +0 flail!
* * * LOW HITPOINT WARNING * * *
The gnoll hits you but does no damage.
You hit the gnoll.
You feel better.
You claw the gnoll.
You kill the gnoll!
Lugonu accepts your kill. The gnoll misses you.
The gnoll completely misses you.
You see here a +0 flail.
You hit the gnoll but do no damage. The gnoll hits you with a +0 halberd!
You die...

#.......#.........
#.#####.#......... #.#
#.########## #.# #.# ..#
#.#####.####.# ### #..........#.#
#.. ## #######.##.#.# #.. ...####
#.############.##.#.# #..
..>...###.......@ggg##.##.#.# #..
....#...###########.##.##.#.###..
.........<...gg.gg............'..
...####.......##.##.##.##.#####..
.. #######....##.##........... .
#......##.#####.#######
#......##.......# #.#
#........############.#
#......#)### #.......#


You could see 3 gnolls.

Vanquished Creatures
  Robin (D:2)
  A gnoll (D:2)
  An adder (D:2)
  4 bats
  4 endoplasms
  7 hobgoblins
  7 jackals
  2 kobolds (D:2)
  2 quokkas (D:1)
  A ball python (D:1)
  A frilled lizard (D:1)
  12 goblins
  A rat (D:2)
44 creatures vanquished.

Notes
Turn   | Place    | Note
-------+----------+-------------------------------------------
     0 | D:1      | wildpjah the Tengu Monk began the quest for the Orb.
     0 | D:1      | Reached XP level 1. HP: 14/14 MP: 2/2
    81 | D:1      | Reached XP level 2. HP: 16/19 MP: 3/3
   512 | D:1      | Found a faded altar of an unknown god.
   517 | D:1      | Prayed at the altar of an unknown god.
   517 | D:1      | Became a worshipper of Lugonu the Unformed
   517 | D:1      | Reached * piety under Lugonu
   517 | D:1      | Reached ** piety under Lugonu
   888 | D:2      | Reached XP level 3. HP: 12/23 MP: 4/4
   950 | D:2      | Reached skill level 4 in Long Blades
  1068 | D:2      | Reached *** piety under Lugonu
  1070 | D:2      | Noticed Robin
  1096 | D:2      | Killed Robin
  1097 | D:2      | Reached XP level 4. HP: 17/28 MP: 5/5
  1344 | D:2      | Slain by a gnoll

Illustrated notes

Levels and vault maps discovered:
D:1:      minmay_arrival_jagged, layout_loops_ring,
          shapermc_ecumenical_altar_notcrosses, minmay_tiny_reverse_x
D:2:      layout_basic, uniq_robin, uniq_natasha, uniq_crazy_yiuf_cottage

Skill      XL: |  1  2  3 |
---------------+----------+-----
Long Blades    | 4 |  4.5
Fighting       | |  3.5
Short Blades   | |  0.2
Armour         | |  0.5
Dodging        | |  3.8
Stealth        | |  0.2

Action                     |  1- 3 |  4- 6 || total
---------------------------+-------+-------++-------
  Melee: Falchion          |    40 |       ||    40
         Kick              |    21 |    15 ||    36
         Peck              |     8 |     3 ||    11
         Dagger            |    20 |    26 ||    46
 Armour: Robe              |     3 |       ||     3
         Ring mail         |    22 |    15 ||    37
  Dodge: Dodged            |    44 |    19 ||    63

Table legend: (Time is in decaauts)
 A = Elapsed time spent in this place.
 B = Non-inter-level travel time spent in this place.
 C = Inter-level travel time spent in this place.
 D = Time resting spent in this place.
 E = Time spent auto-exploring this place.
 F = Levels seen in this place.
 G = Mean time per level.
                   A        B        C        D        E       F      G
               +--------+--------+--------+--------+--------+-----+--------+
         Total |   1342 |   1317 |     25 |      0 |   1088 |   2 |  671.0 |
       Dungeon |   1342 |   1317 |     25 |      0 |   1088 |   2 |  671.0 |
               +--------+--------+--------+--------+--------+-----+--------+

Top non-repeatable levels by time:
     D:1: 824 daAuts
     D:2: 518 daAuts
